 Dungeon Crawl Stone Soup version 0.31.0-32-g396128a36d (webtiles) character file.

Game seed: 18113689118108505546

28702 TacoSundae the Carver (level 13, -2/72 HPs)
             Began as a Vine Stalker Fighter on Apr 7, 2024.
             Was a Believer of Ashenzari.
             Slain by an ice dragon (9 damage)
             ... on level 3 of the Lair of Beasts.
             The game lasted 00:44:15 (11789 turns).

TacoSundae the Carver (Vine Stalker Fighter)       Turns: 11789, Time: 00:44:16

Health: -2/72      AC:  8    Str: 29    XL:     13   Next: 40%
Magic:  0/14       EV: 15    Int:  8    God:    Ashenzari [**....]
Gold:   286        SH:  5    Dex: 15    Spells: 12/12 levels left

rFire   + + .        a - +1 long sword
rCold   + + .        c - +0 buckler "Bound Vision" {Fort, Melee} (curse)
rNeg    . . .        I - +0 troll leather armour
rPois   +            (no helmet)
rElec   +            O - scarf {rC+ rF+}
rCorr   +            F - +0 pair of gloves of Toth-Mos's Legacy {Sorc, Melee} (curse)
SInv    +            o - +1 pair of boots of Desmomancy {Melee, Elem} (curse)
Will    +....        J - amulet of regeneration
Stlth   +            b - ring of Ouranomancy {Str+6, Cun, Melee} (curse)
HPRegen 2.72/turn    t - ring of poison resistance
MPRegen 0.14/turn

%: guardian spirit
@: resistant
A: fangs 3, regeneration 1, magic shield, antimagic bite, no potion heal 2
a: Renounce Religion, Curse Item, Shatter the Chains


You were on level 3 of the Lair of Beasts.
You worshipped Ashenzari.
Ashenzari was pleased with you.
You visited 3 branches of the dungeon, and saw 15 of its levels.
You also visited: Bailey and Ice Cave.

You collected 833 gold pieces.
You spent 547 gold pieces at shops.

Inventory:

Hand Weapons
 a - a +1 long sword (weapon)
 u - a +3 falchion
Missiles
 q - 16 poisoned darts (quivered)
 G - 2 curare-tipped darts
Armour
 c - the cursed +0 buckler "Bound Vision" (worn) {Fort, Melee}

   It has a curse which improves the following skills: Fortitude: Armour and
   Shields.
   Melee Combat: Short Blades, Long Blades, Axes, Maces & Flails, Polearms,
   Staves and Unarmed Combat.
 o - the cursed +1 pair of boots of Desmomancy (worn) {Melee, Elem}
   (You found it on level 2 of the Dungeon)

   It has a curse which improves the following skills: Melee Combat: Short
   Blades, Long Blades, Axes, Maces & Flails, Polearms, Staves and Unarmed
   Combat.
   Elements:  Fire Magic, Ice Magic, Air Magic and Earth Magic.
 F - the cursed +0 pair of gloves of Toth-Mos's Legacy (worn) {Sorc, Melee}
   (You found it on level 7 of the Dungeon)

   It has a curse which improves the following skills: Sorcery: Conjurations and
   Alchemy.
   Melee Combat: Short Blades, Long Blades, Axes, Maces & Flails, Polearms,
   Staves and Unarmed Combat.
 I - a +0 troll leather armour (worn)
 O - a scarf of resistance (worn)
Magical Staves
 C - the staff of Quantum Leap {rPois Earth}
   (You found it in a bailey)

   [staff of earth]

   Base accuracy: +5 Base damage: 5 Base attack delay: 1.2 This weapon's minimum
   attack delay (0.6) is reached at skill level 12.
   rPois:     It protects you from poison Earth: It increases the power of your
   Earth spells.
   It falls into the 'Staves' category.
   It is a one-handed weapon.
Jewellery
 b - the cursed ring of Ouranomancy (left hand) {Str+6, Cun, Melee}
   (You found it on level 1 of the Dungeon)

   [ring of strength]

   Str+6:     It affects your strength (+6).
   It has a curse which improves the following skills: Cunning: Dodging and
   Stealth.
   Melee Combat: Short Blades, Long Blades, Axes, Maces & Flails, Polearms,
   Staves and Unarmed Combat.
 d - an amulet of the acrobat
 e - a ring of positive energy
 t - a ring of poison resistance (right hand)
 J - an amulet of regeneration (around neck)
Wands
 m - a wand of polymorph (4)
 v - a wand of digging (6)
 H - a wand of flame (8)
 L - a wand of charming (11)
Scrolls
 h - a scroll of enchant armour
 i - a scroll of teleportation
 j - a scroll of fear
 r - a scroll of brand weapon
 w - 2 scrolls of summoning
 y - 4 scrolls of fog
 z - a scroll of enchant weapon
 D - 3 scrolls of immolation
 E - 3 scrolls of amnesia
 K - a scroll of revelation
 N - 2 scrolls of vulnerability
Potions
 f - 3 potions of magic
 g - a potion of mutation
 k - 8 potions of curing
 l - 3 potions of attraction
 p - 3 potions of enlightenment
 s - a potion of ambrosia
 x - 4 potions of invisibility
 A - 2 potions of brilliance
 M - a potion of haste
Miscellaneous
 B - a tin of tremorstones (2/2)


   Skills:
 + Level 10.6 Fighting
 * Level 13.3(16.1) Long Blades
 + Level 9.7(10.9) Armour
 + Level 6.9(8.1) Dodging
 - Level 2.6(3.6) Shields


You had 12 spell levels left.
You didn't know any spells.
Your spell library contained the following spells:

 Spells                   Type           Power      Damage    Failure   Level
 Necrotise                Necr           0%         1d4       50%         1
 Blink                    Tloc           0%         N/A       63%         2
 Lesser Beckoning         Tloc           0%         N/A       63%         2
 Momentum Strike          Conj/Tloc      0%         3d8       63%         2
 Mephitic Cloud           Conj/Alch/Air  0%         N/A       85%         3
 Ozocubu's Armour         Ice            0%         N/A       85%         3
 Dazzling Flash           Conj/Hex       0%         N/A       86%         3
 Fugue of the Fallen      Necr           0%         N/A       86%         3
 Vampiric Draining        Necr           0%         2d6       86%         3
 Animate Dead             Necr           0%         N/A       99%         4
 Manifold Assault         Tloc           0%         N/A       99%         4
 Martyr's Knell           Necr/Summ      0%         N/A       99%         4
 Curse of Agony           Necr           0%         N/A       100%        5
 Silence                  Hex/Air        0%         N/A       100%        5
 Haunt                    Necr/Summ      0%         N/A       100%        7
 Infestation              Necr           0%         N/A       100%        8


Dungeon Overview and Level Annotations

Branches:
Dungeon (11/15)            Temple (1/1) D:7            Lair (3/5) D:8
 Bailey (visited)           IceCv (visited)
  Swamp: Lair:2-3    Shoals: Lair:2-3     Snake: Lair:2-3    Spider: Lair:2-3
    Orc: D:9-12

Altars:
Ashenzari
Cheibriados
Dithmenos
Elyvilon
Fedhas
Gozag
Hepliaklqana
Kikubaaqudgha
Makhleb
Nemelex Xobeh
Okawaru
Qazlal
Ru
Sif Muna
Trog
Uskayaw
Vehumet
Wu Jian
Xom
Yredelemnul
Zin
The Shining One

Shops:
D:1 [   D:9 *   D:10 *?*

Annotations:
D:4 3 runed translucent doors, adelrune's ghost, amateur OnWr


Innate Abilities, Weirdness & Mutations

You have razor-sharp teeth.
Your natural rate of healing is unusually fast.
When hurt, damage is shared between your health and your magic reserves.
Your bite disrupts and absorbs the magic of your enemies.
Potions cannot restore your health.


Message History

The ice dragon is lightly wounded.
The ice dragon bites you.
The ice dragon claws you but does no damage.
The ice dragon tramples you!
You hold your ground!
You barely miss the ice dragon. You bite the ice dragon! You drain its power.
You feel invigorated.
The ice dragon is lightly wounded.
You slash the ice dragon!
You bite the ice dragon, but do no damage.
The ice dragon is moderately wounded.
The ice dragon breathes frost at you. The blast of cold hits you! You resist.
You slash the ice dragon!
The ice dragon is moderately wounded.
The ice dragon barely misses you. The ice dragon closely misses you.
The ice dragon tramples you!
You hold your ground!
You hit the ice dragon but do no damage.
The ice dragon is moderately wounded.
The ice dragon completely misses you. You block the ice dragon's attack. x2
You hit the ice dragon but do no damage.
The ice dragon is moderately wounded.
You hit the ice dragon.
The ice dragon is moderately wounded.
The ice dragon bites you. The ice dragon claws you.
The ice dragon tramples you!
You hold your ground!
You hit the ice dragon but do no damage.
You bite the ice dragon. You drain its power.
You feel invigorated.
The ice dragon is moderately wounded.
The ice dragon bites you. The ice dragon claws you!
* * * LOW HITPOINT WARNING * * *
The ice dragon tramples you.
* * * LOW HITPOINT WARNING * * *
You hold your ground!
You feel protected. The ice dragon bites you!
* * * LOW HITPOINT WARNING * * *
The ice dragon claws you.
* * * LOW HITPOINT WARNING * * *
The ice dragon tramples you!
You die...

##.# .##... ....[.
......# .## ....... ...##
.......### .....##
.........#####.....##
.......D@#..^^......#
....$............#..##
.......#.^.^^........##
...........†..........#
#..##.....^..^^^..^...##.
## #........^...^^.......
#.......^...........#.
#.....^...^....^......
#......^.^.......#....


You could see an ice dragon.

Vanquished Creatures
  An orc warlord (Bailey)
  A quicksilver ooze (Lair:1)
  6 death yaks (Lair:1)
  A skyshark (Lair:3)
  Pikel (D:6)
  A cyclops (D:10)
  4 elephants (Lair:2)
  A torpor snail (Lair:1)
  2 black mambas (Lair:1)
  A gargoyle (D:10)
  3 cane toads
  2 rime drakes (Lair:1)
  6 komodo dragons
  2 trolls
  12 blink frogs
  2 dream sheep (Lair:1)
  3 wyverns
  A vampire (D:9)
  2 wraiths
  A steam dragon (D:6)
  18 yaks
  3 vampire mosquitoes (D:10)
  Menkaure (D:7)
  5 water moccasins
  Duvessa (D:6)
  6 orc warriors
  An ice beast (D:4)
  A sky beast (D:6)
  An ogre (D:4)
  23 wolves
  4 centaurs
  3 phantoms
  A lemure (D:6)
  A slime creature simulacrum (IceCv)
  3 kobold brigands
  9 bullfrogs
  A glowing shapeshifter simulacrum (IceCv)
  4 scorpions
  8 wights
  Dowan (D:6)
  An elephant simulacrum (Lair:1)
  4 killer bees (D:9)
  3 howler monkeys
  2 bombardier beetles
  A hound (D:7)
  3 orc priests
  2 sleepcaps
  An iguana (D:6)
  A shapeshifter simulacrum (IceCv)
  6 orc wizards
  2 polar bear simulacra (Lair:1)
  7 adders
  6 gnolls
  2 white imps
  6 ufetubi
  A ribbon worm (D:2)
  4 dart slugs
  28 orcs
  2 ball pythons
  3 bats
  7 endoplasms
  4 giant cockroaches
  14 goblins
  12 hobgoblins
  2 jackals (D:1)
  2 quokkas (D:1)
  6 frilled lizards
  23 kobolds
  2 rats (D:1)
305 creatures vanquished.

Notes
Turn   | Place    | Note
-------+----------+-------------------------------------------
     0 | D:1      | TacoSundae the Vine Stalker Fighter began the quest for the
                  | Orb.
     0 | D:1      | Reached XP level 1. HP: 11/11 MP: 2/2
    34 | D:1      | Reached skill level 2 in Long Blades
    86 | D:1      | Reached XP level 2. HP: 16/16 MP: 1/3
   177 | D:1      | Reached skill level 3 in Long Blades
   194 | D:1      | Reached XP level 3. HP: 19/19 MP: 4/4
   308 | D:1      | Found Taihos's Antique Armour Emporium.
   650 | D:2      | Found a faded altar of an unknown god.
  1512 | D:3      | Found a stormy altar of Qazlal.
  1514 | D:3      | Noticed a fire elemental
  1514 | D:3      | Noticed an earth elemental
  1515 | D:3      | Noticed a water elemental
  1515 | D:3      | Noticed an air elemental
  1824 | D:3      | Identified the +0 leather armour of Caxzagad {Regen+}
  1938 | D:3      | Reached XP level 4. HP: 23/23 MP: 2/5
  2384 | D:4      | Found a broken altar of Ashenzari.
  2440 | D:4      | Noticed a phantom
  2453 | D:4      | Killed a phantom
  2454 | D:4      | Reached skill level 4 in Long Blades
  2454 | D:4      | Reached XP level 5. HP: 25/27 MP: 2/6
  2505 | D:4      | Reached skill level 5 in Long Blades
  2574 | D:4      | Became a worshipper of Ashenzari the Shackled
  2784 | D:4      | Noticed a phantom
  2800 | D:4      | Killed a phantom
  2801 | D:4      | Reached XP level 6. HP: 31/32 MP: 7/7
  3021 | D:4      | Noticed an ice beast
  3054 | D:4      | Killed an ice beast
  3055 | D:4      | Reached skill level 6 in Long Blades
  3092 | D:4      | Reached XP level 7. HP: 35/35 MP: 8/8
  3124 | D:4      | Reached skill level 7 in Long Blades
  3183 | D:4      | Found a runed translucent gate.
  3183 | D:4      | Found a runed translucent gate.
  3186 | D:4      | Found a runed translucent gate.
  3186 | D:4      | Noticed adelrune's ghost (amateur OnWr)
  3192 | D:4      | Identified the +5 whip of Zaoxupat {chaos, rPois rF+ rC-
                  | Dex+2}
  3495 | D:5      | Entered Level 5 of the Dungeon
  4188 | D:5      | Reached * piety under Ashenzari
  4199 | D:5      | Reached skill level 8 in Long Blades
  4538 | D:6      | Gained mutation: You have razor-sharp teeth. [Vine Stalker
                  | growth]
  4538 | D:6      | Reached XP level 8. HP: 35/39 MP: 7/9
  4603 | D:6      | Noticed Pikel
  4627 | D:6      | Killed Pikel
  4628 | D:6      | Reached skill level 1 in Dodging
  4925 | D:6      | Reached skill level 9 in Long Blades
  4967 | D:6      | Noticed Duvessa
  4986 | D:6      | Killed Duvessa
  4987 | D:6      | Reached XP level 9. HP: 32/45 MP: 5/10
  5008 | D:6      | Noticed Dowan
  5028 | D:6      | Killed Dowan
  5507 | D:7      | Found a radiant altar of Vehumet.
  5567 | D:7      | Found a flagged portal.
  5616 | Bailey   | Entered a bailey
  5629 | Bailey   | Noticed an orc warlord
  5634 | Bailey   | Identified the staff of Quantum Leap {rPois Earth}
  5841 | Bailey   | Found a runed translucent gate.
  5857 | Bailey   | Found a runed translucent gate.
  5857 | Bailey   | Found a runed translucent gate.
  5990 | Bailey   | Killed an orc warlord
  5991 | Bailey   | Reached skill level 5 in Fighting
  5991 | Bailey   | Reached skill level 10 in Long Blades
  6083 | D:7      | Reached XP level 10. HP: 57/57 MP: 11/11
  6189 | D:7      | Reached XP level 11. HP: 56/57 MP: 10/12
  6235 | D:7      | Noticed Menkaure
  6247 | D:7      | Killed Menkaure
  6399 | D:7      | Reached ** piety under Ashenzari
  6407 | D:7      | Found a sacrificial altar of Ru.
  6717 | D:7      | Found a staircase to the Ecumenical Temple.
  6739 | Temple   | Entered the Ecumenical Temple
  7403 | D:8      | Found a staircase to the Lair.
  7810 | D:9      | Found Pecw's Assorted Antiques.
  8113 | D:9      | Found an ancient bone altar of Kikubaaqudgha.
  8125 | D:9      | Found an iron altar of Okawaru.
  8131 | D:9      | Found an ornate altar of the Wu Jian Council.
  8131 | D:9      | Found a hazy altar of Hepliaklqana.
  8132 | D:9      | Found a bloodstained altar of Trog.
  8133 | D:9      | Found a white marble altar of Elyvilon.
  8136 | D:9      | Found a shadowy altar of Dithmenos.
  8137 | D:9      | Found a hide-covered altar of Uskayaw.
  8733 | D:10     | Entered Level 10 of the Dungeon
  8733 | D:10     | Found Toskuul's Magic Scroll Boutique.
  8827 | D:10     | Bought a scroll of enchant armour for 97 gold pieces
  8923 | D:10     | Found Qanaogy's General Store.
  8927 | D:10     | Bought an amulet of regeneration for 450 gold pieces
  8985 | D:10     | Noticed a cyclops
  8997 | D:10     | Killed a cyclops
  9034 | D:10     | Reached skill level 11 in Long Blades
  9048 | D:10     | Reached *** piety under Ashenzari
  9135 | D:10     | Found Mitif's Assorted Antiques.
  9283 | D:11     | Noticed a boulder beetle
  9283 | D:11     | Noticed a two-headed ogre
  9283 | D:11     | Noticed a cyclops
  9283 | D:11     | Noticed a boulder beetle
  9284 | D:11     | Identified a scroll of acquirement
  9393 | Lair:1   | Entered Level 1 of the Lair of Beasts
  9415 | Lair:1   | Noticed a death yak
  9416 | Lair:1   | Noticed a death yak
  9416 | Lair:1   | Noticed a death yak
  9416 | Lair:1   | Noticed a death yak
  9416 | Lair:1   | Noticed a death yak
  9416 | Lair:1   | Noticed a death yak
  9440 | Lair:1   | Killed a death yak
  9449 | Lair:1   | Killed a death yak
  9450 | Lair:1   | Reached skill level 5 in Dodging
  9460 | Lair:1   | Killed a death yak
  9466 | Lair:1   | Killed a death yak
  9467 | Lair:1   | Reached XP level 12. HP: 59/69 MP: 13/13
  9468 | Lair:1   | Killed a death yak
  9475 | Lair:1   | Killed a death yak
  9627 | Lair:1   | Found a frozen archway.
  9660 | IceCv    | Entered an ice cave
  9687 | IceCv    | Noticed a quicksilver ooze
  9769 | Lair:1   | Killed a quicksilver ooze
  9770 | Lair:1   | Reached skill level 12 in Long Blades
  9789 | Lair:1   | Identified the cursed +0 cloak "Mantic Jealousy" {Melee,
                  | Self} (You found it on level 9 of the Dungeon)
  9789 | Lair:1   | Identified the cursed +0 pair of gloves of Toth-Mos's
                  | Legacy {Sorc, Melee} (You found it on level 7 of the
                  | Dungeon)
  9789 | Lair:1   | Identified the cursed +1 pair of boots of Desmomancy
                  | {Melee, Elem} (You found it on level 2 of the Dungeon)
 10045 | Lair:1   | Reached skill level 10 in Fighting
 10813 | Lair:2   | Noticed a skyshark
 10882 | Lair:2   | Reached XP level 13. HP: 69/72 MP: 14/14
 11036 | Lair:2   | Reached skill level 13 in Long Blades
 11779 | Lair:3   | a four-headed hydra changed into an ice dragon
 11779 | Lair:3   | Noticed an ice dragon
 11789 | Lair:3   | Slain by an ice dragon

Illustrated notes

Levels and vault maps discovered:
D:1:      dpeg_arrival_houses_and_road, layout_rooms, serial_shops, shop,
          minmay_hexomino_u4
D:2:      layout_loops_corners, hellmonk_ecumenical_altar_zigzags
D:3:      layout_basic, nicolae_qazlal_style_of_elements, hangedman_decor_push
D:4:      layout_layer_cave, cheibrodos_ashenzari_chains,
          biasface_ghost_orc_armoury, hangedman_abyss_or_decor_passed
D:5:      layout_layer_cave
D:6:      layout_basic, uniq_pikel, uniq_duvessa
D:7:      layout_loops_ring, nicolae_vehumet_altar_sigil,
          mainiacjoe_overflow_24_doors, minmay_temple_entry_overgrown,
          lightli_bailey_entry_fortress, uniq_menkaure
D:8:      layout_basic, lair_entry_dummy
D:9:      layout_basic, kiku_gazebo_garden_becter, minitemple, serial_shops,
          nicolae_shop_advertising_works [nicolae_subvault_shop_adworks],
          nicolae_zen_rock_garden
D:10:     layout_rooms, serial_shops, shop, shop, shop
D:11:     minmay_s_stair_smasher, layout_rooms, fedhas_altar_1
Temple:   zaba_magenta_temple
Lair:1:   layout_chaotic_city, portal_ice_cave_entry_ice_simulacra,
          grunt_megastairs_5
Lair:2:   layout_cellular_growth, chequers_serial_rivers_micro_a
Lair:3:   beargit_carnivore_pack, layout_cave_pods, minmay_swamp_entry_reptiles,
          dummy_snake_entry, minmay_holes, uniq_fannar

Skill      XL: |  1  2  3  4  5  6  7  8  9 10 11 12 13 |
---------------+----------------------------------------+-----
Long Blades    | 2 3 4 5 6 8 9 10 11 12 13 | 13.3
Fighting       | 4 8 9 10 | 10.6
Armour         | 3 7 8 9 |  9.7
Dodging        | 2 3 5 6 |  6.9
Shields        | |  2.6

Action                     |  1- 3 |  4- 6 |  7- 9 | 10-12 | 13-15 || total
---------------------------+-------+-------+-------+-------+-------++-------
  Melee: Long sword        |   105 |    90 |   290 |   627 |   215 ||  1327
         Bite              |    18 |    32 |    80 |   211 |    87 ||   428
         Falchion          |       |       |       |     7 |       ||     7
  Throw: Dart              |       |       |     3 |       |       ||     3
 Invoke: Curse Item        |       |       |     2 |     3 |       ||     5
         Shatter the Chain |       |       |       |     1 |       ||     1
  Evoke: Wand              |       |       |       |     1 |     3 ||     4
    Use: Scroll            |       |     9 |     2 |     1 |       ||    12
         Potion            |       |       |     3 |     3 |     1 ||     7
 Armour: Scale mail        |    44 |       |       |       |       ||    44
         Ring mail         |    12 |       |       |       |       ||    12
         Leather armour    |     3 |    48 |   153 |   109 |       ||   313
         Troll leather arm |       |       |       |   190 |   126 ||   316
         Skin              |       |       |       |    51 |       ||    51
  Dodge: Dodged            |    42 |    36 |   122 |   289 |   111 ||   600
  Block: Buckler           |    24 |    21 |    50 |   112 |    44 ||   251
